cohdb
Replays
Latest Replays
All Replays
Popular Replays
Top Player Replays
Match Explorer
How It Works
Community
CoH3 Stats
Reddit
Sign in to upload your games and track your stats! →
Sign in with Steam
Match 40201566
Unlisted
Match 40201566
Overview
Messages
Build Orders
End
Selects Armored Support Battlegroup
Selects Armored Support Battlegroup
Kradschützen Motorcycle Team
Panzergrenadier Squad
250 Light Carrier
Construct Light Support Kompanie
Combat Half-tracks
Selects Superior Fire Drills
Assault Grenadier Squad
Fire Support Elements
MG34 Team
Panzerjäger Mechanized Group
Panzerjäger Squad
Selects Flammpanzer III Medium Tank
Flammpanzer III Medium Tank
Flammpanzer III Medium Tank
Tonimontana
Wolfe
0
0
Comments
sign in to comment!
No comments posted yet!